AoeStats
← WhipLord

Arabia

505581497Analyzed
2v2 RM · 21d ago on Sep 10, 2026· 54m 52s· 4 players
Game mode
Random Map
Map size
Medium (4 player)
Population
200
Speed
Normal
Resources
Standard
Victory
Conquest
Starting age
Dark Age
Ending age
Imperial Age
RankedLock teamsTeams togetherTeam positionsShared explorationLock speedFull tech treeHidden civsTurbo modeCheats
Victory
Defeat
🇦🇺 Franks · Australia
699
+22
🇦🇺 Byzantines · Australia
675
+22
🇲🇽 Britons · Mexico
632
-13
🇲🇽 Romans · Mexico
601
-12
dmartinez4758
0:33 Loom
12:26 Feudal Age
13:38 Double-Bit Axe
13:37 Horse Collar
21:43 Gold Mining
26:17 Stone Mining
27:25 Padded Archer Armor
27:15 Fletching
29:34 Castle Age
30:14 Pikeman
30:20 Crossbowman
31:20 Leather Archer Armor
31:01 Bodkin Arrow
33:40 Squires
39:45 Imperial Age
39:19 Heavy Plow
39:31 Bow Saw
40:03 Gold Shaft Mining
39:16 Elite Skirmisher
41:32 Chemistry
41:12 Ring Archer Armor
42:17 Wheelbarrow
42:04 Bracer
45:42 Capped Ram
45:55 Arbalester
50:18 Two-Man Saw
48:48 Halberdier
50:47 Caravan
51:12 Ballistics
51:05 Fortified Wall
50:52 Murder Holes
50:50 Guard Tower
51:05 Scale Mail Armor
51:15 Forging
53:04 Elite Longbowman
55:29 Chain Mail Armor
55:50 Iron Casting
edgarggamartgo
0:31 Loom
10:55 Feudal Age
11:28 Double-Bit Axe
12:15 Horse Collar
14:58 Man-at-Arms
17:52 Bloodlines
19:58 Forging
19:38 Town Watch
21:06 Scale Mail Armor
28:04 Castle Age
27:43 Fletching
28:37 Scale Barding Armor
28:28 Gold Mining
28:33 Stone Mining
30:01 Iron Casting
29:42 Bow Saw
31:12 Chain Mail Armor
40:26 Bodkin Arrow
40:36 Husbandry
40:44 Ballistas
40:45 Squires
40:06 Long Swordsman
41:50 Pikeman
49:05 Gold Shaft Mining
49:40 Chain Barding Armor
53:44 Imperial Age
yos
7:11 Loom
10:34 Feudal Age
17:11 Scale Barding Armor
22:58 Castle Age
23:01 Double-Bit Axe
24:14 Husbandry
24:29 Forging
37:40 Wheelbarrow
37:39 Bow Saw
37:23 Gold Mining
38:50 Chain Barding Armor
39:06 Iron Casting
38:48 Squires
38:33 Gambesons
38:34 Arson
38:55 Scale Mail Armor
39:49 Hand Cart
39:20 Town Watch
47:27 Imperial Age
47:52 Cavalier
48:56 Conscription
48:39 Chivalry
49:02 #83
51:27 Gold Shaft Mining
50:42 Stone Mining
52:19 Blast Furnace
51:55 Plate Barding Armor
51:39 Chain Mail Armor
WhipLord
10:51 Feudal Age
15:15 Double-Bit Axe
19:10 Fletching
19:22 Scale Mail Armor
19:55 Horse Collar
23:27 Castle Age
23:50 Pikeman
25:50 Squires
29:14 Elite Skirmisher
35:20 Bow Saw
35:05 Gold Mining
35:05 Stone Mining
35:27 Heavy Plow
36:57 Bodkin Arrow
37:03 Padded Archer Armor
37:08 Scale Barding Armor
37:23 Chain Mail Armor
43:05 Imperial Age
47:53 Halberdier
49:11 Conscription
50:30 Ballistics
Connection lost

Rejoining the realm…

Still unreachable

The connection could not be restored.

Session expired

The server has moved on; the page needs a fresh start.